 Dungeon Crawl Stone Soup version 0.27.1-1-g398f81649c (webtiles) character file.

Game seed: 18308837167741886977

7777 Lobster4 the Archer (level 11, -7/101 HPs)
             Began as a Minotaur Hunter on Sept 7, 2021.
             Was an Elder of Okawaru.
             Mangled by a seven-headed hydra (11 damage)
             ... on level 10 of the Dungeon.
             The game lasted 00:30:54 (10894 turns).

Lobster4 the Archer (Minotaur Hunter)              Turns: 10894, Time: 00:30:55

Health: -7/101     AC: 16    Str: 17    XL:     11   Next: 1%
Magic:  21/21      EV:  8    Int:  8    God:    Okawaru [****..]
Gold:   333        SH:  0    Dex: 14    Spells: 10/10 levels left

rFire    . . .     SeeInvis .   b - +2 dire flail (drain)
rCold    . . .     Faith    .   (shield currently unavailable)
rNeg     . . .     Spirit   .   o - +1 chain mail {rPois}
rPois    +         Reflect  .   (helmet restricted)
rElec    .         Harm     .   G - +2 cloak
rCorr    +         Rampage  .   (no gloves)
Will     .....                  E - +1 pair of boots
Stlth    ..........             (no amulet)
HPRegen  0.26/turn              z - ring of resist corrosion
MPRegen  0.17/turn              P - ring of magical power

@: about to teleport, on berserk cooldown, slowed, very slow
A: horns 2, retaliatory headbutt
a: Renounce Religion, Heroism


You were on level 10 of the Dungeon.
You worshipped Okawaru.
Okawaru was greatly pleased with you.
You visited 2 branches of the dungeon, and saw 11 of its levels.

You collected 514 gold pieces.
You spent 181 gold pieces at shops.

Inventory:

Hand Weapons
 a - a +1 shortbow
 b - a +2 dire flail of draining (weapon)
 p - a +0 war axe
 s - a +0 hunting sling
 w - a +3 trident
 N - a +0 long sword of holy wrath
 Q - a +2 hand axe of venom
 Y - a +0 hand crossbow
Missiles
 d - 87 arrows
 h - 140 bolts
 j - 374 stones
 q - 50 poisoned darts (quivered)
 F - 5 atropa-tipped darts
 V - 3 curare-tipped darts
 X - 7 sling bullets
Armour
 c - a +0 leather armour
 f - a +1 scale mail
 n - a +2 kite shield of reflection
 o - a +1 chain mail of poison resistance (worn)
 E - a +1 pair of boots (worn)
 G - a +2 cloak (worn)
Jewellery
 e - a ring of fire
 z - a ring of resist corrosion (left hand)
 K - a ring of poison resistance
 P - a ring of magical power (right hand)
Wands
 u - a wand of acid (4)
 y - a wand of digging (3)
 S - a wand of iceblast (11)
 W - a wand of flame (29)
Scrolls
 g - 3 scrolls of fog
 k - 2 scrolls of enchant armour
 t - a scroll of noise
 v - a scroll of teleportation
 C - 2 scrolls of amnesia {unknown}
 M - a scroll of enchant weapon {unknown}
 O - 2 scrolls of silence {unknown}
 R - 3 scrolls of magic mapping {unknown}
 T - 2 scrolls of fear {unknown}
Potions
 l - 2 potions of haste
 r - 3 potions of lignification
 x - a potion of curing
 B - a potion of might
 D - a potion of magic
 I - a potion of ambrosia
 J - a potion of heal wounds
 L - a potion of invisibility
 U - a potion of resistance {unknown}
 Z - a potion of flight


   Skills:
 + Level 10.5 Fighting
 - Level 2.0 Long Blades
 - Level 2.0(2.2) Axes
 - Level 1.4(2.0) Maces & Flails
 * Level 13.5 Bows
 + Level 3.9 Crossbows
 - Level 5.0 Armour
 - Level 2.1 Dodging
 - Level 0.7 Stealth
 - Level 3.0 Invocations
 - Level 3.0 Evocations


You had 10 spell levels left.
You didn't know any spells.
Your spell library contained the following spells:

 Spells                   Type           Power      Damage    Failure   Level
 Dazzling Flash           Conj/Hex       0%         N/A       100%        3
 Summon Guardian Golem    Hex/Summ       0%         N/A       100%        3
 Hailstorm                Conj/Ice       0%         3d3       100%        4
 Ice Form                 Ice/Tmut       0%         N/A       100%        4
 Agony                    Necr           0%         N/A       100%        5
 Alistair's Intoxication  Tmut/Pois      0%         N/A       100%        5
 Borgnjor's Vile Clutch   Necr/Erth      0%         N/A       100%        5
 Silence                  Hex/Air        0%         N/A       100%        5
 Eringya's Noxious Bog    Tmut/Pois      0%         N/A       100%        6
 Simulacrum               Ice/Necr       0%         N/A       100%        6
 Orb of Destruction       Conj           0%         N/A       100%        7
 Spellforged Servitor     Conj/Summ      0%         N/A       100%        7


Dungeon Overview and Level Annotations

Branches:
Dungeon (10/15)            Temple (1/1) D:7
   Lair: D:8-11         Orc: D:9-12

Altars:
Ashenzari
Cheibriados
Dithmenos
Elyvilon
Fedhas
Gozag
Hepliaklqana
Kikubaaqudgha
Makhleb
Nemelex Xobeh
Okawaru
Qazlal
Ru
Sif Muna
Trog
Uskayaw
Vehumet
Wu Jian
Xom
Yredelemnul
Zin
The Shining One

Shops:
D:5 *   D:6 *   D:9 :


Innate Abilities, Weirdness & Mutations

You have a pair of horns on your head.
You reflexively headbutt those who attack you in melee.


Message History

You kill the centaur warrior!
Okawaru is honoured by your kill. Okawaru grants you ammunition!
Something appears at your feet! The yak gores you.
You have reached level 11!
You thump the seven-headed hydra! You drain the seven-headed hydra.
The seven-headed hydra is lightly wounded.
The sentinel's mark upon you fades away.
The yak gores you.
You completely miss the seven-headed hydra.
The seven-headed hydra is lightly wounded.
You are no longer berserk.
You are exhausted.
You feel yourself slow down.
A worm appears out of thin air!
Reactivating autopickup.
The seven-headed hydra barely misses you.
You furiously retaliate!
You headbutt the seven-headed hydra! The seven-headed hydra bites you!
* * * LOW HITPOINT WARNING * * *
The seven-headed hydra bites you but does no damage.
The seven-headed hydra bites you.
* * * LOW HITPOINT WARNING * * *
The seven-headed hydra barely misses you.
The seven-headed hydra closely misses you.
The seven-headed hydra bites you.
* * * LOW HITPOINT WARNING * * *
The yak gores you but does no damage.
The boulder beetle leaps!
Okay, then.
As you read the scroll labelled JEUNWY AMAIKE, it crumbles to dust.
You feel strangely unstable.
It was a scroll of teleportation.
The seven-headed hydra barely misses you.
The seven-headed hydra bites you but does no damage. x4
The seven-headed hydra bites you.
* * * LOW HITPOINT WARNING * * *
The seven-headed hydra bites you!
* * * LOW HITPOINT WARNING * * *
The yak barely misses you.
A kobold comes into view. It is wielding a +0 short sword.
The seven-headed hydra bites you!
You die...

.##....>##.
####..............#
........#
.#....B..gg.##..#.##
..............##Y##.####
## ...##.......# #Y##.#
.####.###...# #Y##.#
............# #Y##g#
####.......# #w##..
#..........#####Y##..
#.##...........#@#..#
#.##............D#.#
#.##.............K..
#.##.......#.#.#### .# .
. #.#####.##.#.#.## ...
#.# .<......#.......#
#.# #.#
...........#.#..# #..#
###. .
#########.##.#..### #..#
).. #............#
#..####. .


You could see a boulder beetle, a seven-headed hydra (drained), 5 yaks, a worm
and a kobold.

Vanquished Creatures
  2 centaur warriors (D:10)
  An ogre mage (D:10)
  A two-headed ogre (D:9)
  A wizard (D:9)
  Grinder (D:5)
  4 yaks (D:9)
  An acid dragon (D:9)
  A water moccasin (D:5)
  An orc warrior (D:8)
  3 sky beasts
  3 black bears
  An ice beast (D:5)
  2 necrophages (D:6)
  4 ogres
  2 centaurs
  2 phantoms
  2 kobold brigands
  Blork the orc (D:5)
  3 bullfrogs
  A gnoll sergeant (D:10)
  3 scorpions (D:5)
  A water moccasin skeleton (D:5)
  5 killer bees (D:7)
  3 wights (D:8)
  2 howler monkeys (D:10)
  An electric eel (D:7)
  A bullfrog zombie (D:6)
  A jelly (D:4)
  A centaur skeleton (D:7)
  A bullfrog skeleton (D:7)
  5 hounds
  2 centaur zombies (D:8)
  A gnoll shaman (D:8)
  3 iguanas (D:7)
  Ijyb (D:3)
  4 orc wizards
  Natasha (thrice) (D:2)
  3 hound skeletons (D:4)
  A howler monkey zombie (D:7)
  10 gnolls
  A howler monkey skeleton (D:7)
  12 adders
  A shadow imp (D:5)
  An adder skeleton (D:4)
  An adder zombie (D:5)
  2 worms (D:4)
  3 dart slugs
  21 orcs
  7 ball pythons
  7 bats
  6 endoplasms
  2 giant cockroaches (D:1)
  4 goblins
  8 hobgoblins
  14 kobolds
  A quokka (D:4)
  2 frilled lizards
  3 rats (D:3)
  A spectral kobold (D:4)
186 creatures vanquished.

Vanquished Creatures (others)
  A quokka (D:7)
1 creature vanquished.

Grand Total: 187 creatures vanquished

Notes
Turn   | Place    | Note
-------+----------+-------------------------------------------
     0 | D:1      | Lobster4 the Minotaur Hunter began the quest for the Orb.
     0 | D:1      | Reached XP level 1. HP: 18/18 MP: 0/0
   220 | D:1      | Reached XP level 2. HP: 25/25 MP: 1/1
   302 | D:1      | Reached skill level 5 in Bows
   427 | D:1      | Found a faded altar of an unknown god.
   534 | D:1      | Reached XP level 3. HP: 31/31 MP: 2/2
   927 | D:2      | Noticed Natasha
   936 | D:2      | Killed Natasha
  1222 | D:2      | Reached skill level 1 in Long Blades
  1222 | D:2      | Reached skill level 1 in Armour
  1222 | D:2      | Reached XP level 4. HP: 21/38 MP: 3/3
  1656 | D:2      | Noticed Natasha
  1659 | D:2      | Killed Natasha
  2022 | D:2      | Noticed Natasha
  2029 | D:2      | Killed Natasha
  2030 | D:2      | Reached XP level 5. HP: 46/46 MP: 4/4
  2681 | D:3      | Reached skill level 6 in Bows
  2914 | D:3      | Noticed Ijyb
  3186 | D:4      | Found a hazy altar of Hepliaklqana.
  3263 | D:4      | Noticed an ogre
  3281 | D:3      | Reached XP level 6. HP: 38/52 MP: 5/5
  3688 | D:4      | Found a blossoming altar of Fedhas.
  4373 | D:4      | Reached skill level 7 in Bows
  4458 | D:5      | Entered Level 5 of the Dungeon
  4458 | D:5      | Noticed an ice beast
  4544 | D:5      | Reached skill level 1 in Axes
  4551 | D:5      | Reached XP level 7. HP: 53/60 MP: 6/6
  4568 | D:5      | Reached skill level 1 in Evocations
  4650 | D:5      | Reached skill level 5 in Fighting
  4782 | D:5      | Noticed Grinder
  4911 | D:5      | Found Miawil's Serpentskin Sales.
  5028 | D:5      | Reached skill level 8 in Bows
  5028 | D:5      | Reached XP level 8. HP: 70/70 MP: 7/7
  5548 | D:6      | Reached skill level 5 in Armour
  5737 | D:6      | Reached skill level 9 in Bows
  6106 | D:6      | Found a shadowy altar of Dithmenos.
  6374 | D:6      | Found Dirhyxtu's Neck Hole.
  6382 | D:6      | Bought a +2 cloak for 181 gold pieces
  6715 | D:7      | Reached XP level 9. HP: 79/79 MP: 8/8
  6739 | D:7      | Reached skill level 10 in Bows
  6956 | D:7      | Found a white marble altar of Elyvilon.
  7019 | D:7      | Found a staircase to the Ecumenical Temple.
  7103 | Temple   | Entered the Ecumenical Temple
  7391 | Temple   | Became a worshipper of Warmaster Okawaru
  8129 | D:8      | Reached skill level 11 in Bows
  8540 | D:8      | Reached * piety under Okawaru
  8591 | D:8      | Reached skill level 1 in Invocations
  8709 | D:3      | Killed Ijyb
  8966 | D:5      | Killed Grinder
  8967 | D:5      | Noticed Blork the orc
  8971 | D:5      | Killed Blork the orc
  9062 | D:5      | Found Miawil's Serpentskin Sales.
  9389 | D:9      | Noticed a wizard
  9408 | D:9      | Killed a wizard
  9408 | D:9      | Reached ** piety under Okawaru
  9409 | D:9      | Reached skill level 1 in Maces & Flails
  9409 | D:9      | Reached XP level 10. HP: 91/91 MP: 10/10
  9588 | D:9      | Noticed a two-headed ogre
  9596 | D:9      | Killed a two-headed ogre
  9597 | D:9      | Reached skill level 12 in Bows
 10183 | D:9      | Reached *** piety under Okawaru
 10184 | D:9      | Reached skill level 1 in Crossbows
 10305 | D:9      | Found Qulexzer's Book Shop.
 10463 | D:10     | Entered Level 10 of the Dungeon
 10640 | D:10     | Noticed a centaur warrior
 10673 | D:10     | Noticed a boulder beetle
 10865 | D:10     | Noticed an ogre mage
 10873 | D:10     | Paralysed by something for 5 turns
 10878 | D:10     | Killed an ogre mage
 10879 | D:10     | Reached skill level 10 in Fighting
 10879 | D:10     | Reached skill level 13 in Bows
 10884 | D:10     | Noticed a centaur warrior
 10886 | D:10     | Killed a centaur warrior
 10886 | D:10     | Reached **** piety under Okawaru
 10889 | D:10     | Noticed a seven-headed hydra
 10891 | D:10     | Killed a centaur warrior
 10891 | D:10     | Received a gift from Okawaru
 10892 | D:10     | Reached XP level 11. HP: 61/101 MP: 12/12
 10894 | D:10     | HP: 4/101 [seven-headed hydra (11)]
 10894 | D:10     | Mangled by a seven-headed hydra

Illustrated notes

Levels and vault maps discovered:
D:1:      tarquinn_simple_flora_water_a, layout_loops_ring,
          hellmonk_ecumenical_altar_arch_garden, minmay_curled_crystal
D:2:      layout_basic, uniq_natasha
D:3:      layout_loops_ring, uniq_ijyb
D:4:      layout_basic, nicolae_hepliaklqana_monster_ancestors,
          mainiacjoe_overflow_24_doors, minmay_fractal_squares_5
D:5:      layout_rooms, guppyfry_shop_venom, uniq_grinder, uniq_blork_the_orc
D:6:      layout_basic, nicolae_dithmenos_shadow_blocks, nrook_mini_vaults,
          nicolae_shop_sticking_my_neck_out
D:7:      layout_rooms, elyvilon_altar_4, minmay_temple_entry_metal_lava,
          kennysheep_generic_room_16
D:8:      layout_rooms
D:9:      layout_long_grid, serial_shops, kennysheep_little_box,
          minmay_librarian
D:10:     layout_loops_ring, minmay_shop_damaged,
          minmay_fractal_squares_gapless_7
Temple:   dpeg_five_rooms_temple

Skill      XL: |  1  2  3  4  5  6  7  8  9 10 |
---------------+-------------------------------+-----
Fighting       | 3 4 5 7 9 10 | 10.5
Bows           | 5 6 7 8 9 11 13 | 13.5
Long Blades    | 1 2 |  2.0
Armour         | 1 2 3 4 5 |  5.0
Axes           | 1 2 |  2.0
Evocations     | 2 3 |  3.0
Invocations    | 2 3 |  3.0
Maces & Flails | 1 |  1.4
Crossbows      | 3 |  3.9
Dodging        | |  2.1
Stealth        | |  0.7

Action                   |  1- 3 |  4- 6 |  7- 9 | 10-12 || total
-------------------------+-------+-------+-------+-------++-------
Melee: Short sword       |    11 |       |       |       ||    11
       Headbutt          |     6 |    16 |    36 |     5 ||    63
       Long sword        |    17 |    76 |    64 |       ||   157
       Hand axe          |       |       |    83 |       ||    83
       Dire flail        |       |       |       |    48 ||    48
 Fire: Shortbow          |    48 |    78 |   214 |    33 ||   373
Throw: Dart              |       |     2 |     2 |       ||     4
Evoke: Wand              |       |       |     9 |    12 ||    21
  Use: Scroll            |     1 |     1 |     8 |     6 ||    16
       Potion            |       |       |     1 |     2 ||     3
Armor: Scale mail        |    17 |    17 |       |       ||    34
       Chain mail        |       |    45 |   133 |    54 ||   232
Dodge: Dodged            |    22 |    35 |    73 |    30 ||   160
       Rpst.: Long sword |     5 |     9 |    12 |       ||    26
